 Dungeon Crawl Stone Soup version 0.26-a0-667-g92642533e4 (webtiles) character file.

Game seed: 9039380196674997292

149723 grandjackal the Warrior (level 16, -28/141 HPs)
             Began as a Demonspawn Gladiator on Oct 18, 2020.
             Was the Champion of Okawaru.
             Killed from afar by an Ice Fiend (46 damage)
             ... with a bolt of cold
             ... summoned by a lich
             ... on level 3 of the Abyss.
             The game lasted 00:48:48 (24360 turns).

grandjackal the Warrior (Demonspawn Gladiator)     Turns: 24360, Time: 00:48:48

Health: -28/141    AC: 30    Str: 18    XL:     16   Next: 97%
Magic:  0/23       EV: 22    Int: 13    God:    Okawaru [******]
Gold:   2246       SH: 25    Dex: 17    Spells: 15/15 levels left

rFire    + . .     SeeInvis .   t - +9 demon blade (vorpal)
rCold    . . .     Faith    .   H - +2 kite shield {reflect}
rNeg     + + .     Spirit   +   J - +2 swamp dragon scales
rPois    +         Reflect  +   (helmet unavailable)
rElec    .         Harm     .   d - +2 cloak {rCorr}
rCorr    +         Rampage  .   Q - +2 pair of gloves {archery}
MR       +....                  U - +2 pair of boots "Efanoyng" {+Blink rN+ Int+2}
Stlth    ++........             R - brooch of Shielding {Spirit SH+8}
HPRegen  0.33/turn              M - ring of protection from fire
MPRegen  0.18/turn              r - ring of positive energy

@: mighty, heroism, finesse, hasted, very quick
A: horns 3, iridescent scales 3, foul stench 1, powered by death 2, rot immunity
a: Heroism, Finesse, Renounce Religion, Evoke Blink


You were on level 3 of the Abyss.
You worshipped Okawaru.
Okawaru was exalted by your worship.
You visited 5 branches of the dungeon, and saw 27 of its levels.
You visited the Abyss 1 time.
You also visited: Sewer, Gauntlet and Volcano.

You collected 4078 gold pieces.
You spent 1832 gold pieces at shops.

Inventory:

Hand Weapons
 t - a +9 vorpal demon blade (weapon)
 L - a +3 double sword of flaming
Missiles
 E - 8 throwing nets (quivered)
Armour
 d - a +2 cloak of preservation (worn)
 H - a +2 kite shield of reflection (worn)
 J - +2 swamp dragon scales (worn)
 P - a +1 tower shield of protection
 Q - a +2 pair of gloves of archery (worn)
 U - the +2 pair of boots "Efanoyng" (worn) {+Blink rN+ Int+2}
   (You acquired it on level 10 of the Dungeon)

   It affects your intelligence (+2).
   It protects you from negative energy.
   It lets you blink.
Jewellery
 r - a ring of positive energy (right hand)
 v - an uncursed ring of magical power
 y - an uncursed ring of protection from fire
 M - a ring of protection from fire (left hand)
 R - the brooch of Shielding (around neck) {Spirit SH+8}
   (You found it in a Gauntlet)

   [amulet of guardian spirit]

   It causes incoming damage to be split between your health and magic.
   It affects your SH (+8).
Wands
 b - a wand of acid (10)
 e - a wand of flame (32)
 h - a wand of random effects (19)
 l - a wand of disintegration (34)
 G - a wand of polymorph (34)
 I - a wand of paralysis (23)
 K - a wand of digging (12)
 N - a wand of iceblast (23)
 O - a wand of enslavement (9)
Scrolls
 a - 3 scrolls of silence
 g - 3 scrolls of blinking
 i - a scroll of enchant armour
 k - 8 scrolls of fear
 o - 19 scrolls of teleportation
 q - 16 scrolls of remove curse
 w - 6 scrolls of fog
 T - 8 scrolls of identify
 V - 4 scrolls of magic mapping
 X - 5 scrolls of immolation
Potions
 c - 3 potions of lignification
 f - 7 potions of cancellation
 j - 4 potions of brilliance
 m - a potion of stabbing
 n - 12 potions of curing
 p - 4 potions of might
 s - 4 potions of mutation
 u - 6 potions of resistance
 x - 2 potions of berserk rage
 z - 3 potions of flight
 A - 3 potions of haste
 B - 3 potions of magic
 C - 7 potions of heal wounds
 D - 3 potions of invisibility
 F - 3 potions of ambrosia
Miscellaneous
 Y - a lightning rod (4/4)


   Skills:
 + Level 17.1(22.1) Fighting
 - Level 14.0(19.0) Long Blades
 - Level 1.7(6.7) Throwing
 - Level 8.6(13.6) Armour
 - Level 10.1(15.1) Dodging
 + Level 12.7(17.7) Shields
 - Level 10.2 Invocations


You had 15 spell levels left.
You didn't know any spells.
Your spell library contained the following spells:

 Spells                   Type           Power        Failure   Level
 Corona                   Hex            #......      43%         1
 Freeze                   Ice            #...         43%         1
 Magic Dart               Conj           #...         43%         1
 Sandblast                Erth           #.....       43%         1
 Blink                    Tloc           N/A          56%         2
 Call Imp                 Summ           #.......     56%         2
 Ensorcelled Hibernation  Hex/Ice        #.....       56%         2
 Passwall                 Tmut/Erth      #.......     56%         2
 Slow                     Hex            #.......     56%         2
 Confusing Touch          Hex            #.......     80%         3
 Conjure Flame            Conj/Fire      #.......     80%         3
 Dazzling Flash           Conj/Hex       #.....       80%         3
 Frozen Ramparts          Ice            #.....       80%         3
 Mephitic Cloud           Conj/Pois/Air  #.......     80%         3
 Ozocubu's Armour         Ice            #.......     80%         3
 Stone Arrow              Conj/Erth      #.....       80%         3
 Tukima's Dance           Hex            #.......     80%         3
 Animate Dead             Necr           #.........   99%         4
 Hailstorm                Conj/Ice       #.......     99%         4
 Petrify                  Tmut/Erth      #.......     99%         4
 Summon Ice Beast         Ice/Summ       #.......     99%         4
 Borgnjor's Vile Clutch   Necr/Erth      #.........   100%        5
 Lee's Rapid Deconstruct  Erth           #.........   100%        5
 Death Channel            Necr           #.........   100%        6
 Simulacrum               Ice/Necr       #.........   100%        6


Dungeon Overview and Level Annotations

Branches:
Dungeon (15/15)            Temple (1/1) D:5            Lair (6/6) D:11
  Swamp (3/4) Lair:3        Snake (0/4) Lair:2        Slime (0/5) Lair:6
    Orc (2/2) D:12            Elf (0/3) Orc:2        Vaults (0/5) D:14
 Depths (0/5) D:15          Sewer (visited)         Volcano (visited)
Gauntlet (visited)

Altars:
Ashenzari
Cheibriados
Dithmenos
Elyvilon
Fedhas
Gozag
Hepliaklqana
Kikubaaqudgha
Makhleb
Nemelex Xobeh
Okawaru
Qazlal
Ru
Sif Muna
Trog
Uskayaw
Vehumet
Wu Jian
Xom
Yredelemnul
Zin
The Shining One
Beogh

Shops:
D:7 *   D:10 *   D:11 !!(   Orc:2 (!(}

Annotations:
Swamp:3 Louise


Innate Abilities, Weirdness & Mutations

You have a pair of large horns on your head.
You are completely covered in iridescent scales. (AC +6)
You may emit foul miasma when damaged in melee.
You regenerate health from kills.
You are immune to rotting.


Message History

Your body is wracked with pain!
* * * LOW HITPOINT WARNING * * *
The fire bat convulses!
The ogre mage convulses!
The ogre mage gestures at you while chanting.
The bolt of cold hits something.
The bolt of cold hits you but does no damage.
Unknown command.
Unknown command.
You feel better. The fire bat barely misses you.
Something touches you but does no damage.
A poison arrow appears from out of thin air!
Your +2 kite shield of reflection reflects the poison arrow!
The poison arrow hits something!
The chaos spawn hits you!
* * * LOW HITPOINT WARNING * * *
The chaos spawn shocks you!
* * * LOW HITPOINT WARNING * * *
The Ice Fiend is engulfed in seething chaos.
The Ice Fiend gestures at you.
The bolt of cold hits something.
The bolt of cold hits you!!!
You die...

. .# # #
..#.## ... #
#.....
....#.
..#$.###. .#
. #
#..##.... #
. ..∩.b.# .
. .. #.#†'##
. .
...#.').4##
#..'.@{1# #
#
#...##.{{§{#
## # #.#
##..⌠§.# #
#.. ##.....#
.# ##.
##...O.# .
#..#..#
#..''# # #.'


You could see an Ice Fiend (summoned, agile), an ogre mage (fast, petrifying), a
chaos spawn (agile) and a fire bat (berserk, fast, extremely poisoned).

Vanquished Creatures
  4 liches (Abyss:3)
  2 thorn hunters
  A very ugly thing (Swamp:1)
  2 entropy weavers (Lair:4)
  A red draconian (Volcano)
  A minotaur (Gauntlet)
  The ghost of azarizad the Severer, a journeyman DDFi of Hepliaklqana (Lair:4)
  The ghost of Ruewk the Archer, a journeyman CeAM of Okawaru (Lair:5)
  Snorg (Lair:5)
  A deep elf high priest (D:12)
  2 fire dragons
  A rakshasa (D:14)
  A vault guard (D:14)
  3 boulder beetles
  14 hydras
  Harold (D:9)
  2 ice dragons (Abyss:3)
  7 alligators
  3 two-headed ogres
  A queen ant (Lair:4)
  15 death yaks
  2 tengu warriors
  Erica (D:9)
  A death knight (D:12)
  3 centaur warriors
  2 death scarabs (Gauntlet)
  Nergalle (Lair:4)
  2 spriggans
  2 flayed ghosts (D:12)
  A salamander mystic (Volcano)
  An unseen horror (D:14)
  A swamp dragon (shapeshifter) (D:12)
  3 swamp dragons
  2 deep elf magi (D:14)
  10 orc knights
  6 salamanders (Volcano)
  A cyclops (shapeshifter) (D:13)
  4 manticores
  An orc sorcerer (Orc:2)
  7 cyclopes
  4 oklob plants (Lair:4)
  5 ugly things
  3 elephants (Lair:3)
  2 centaur zombies (D:15)
  4 black mambas
  2 gargoyles
  3 torpor snails
  6 centaur skeletons
  11 cane toads
  3 kobold demonologists
  4 komodo dragons
  Maggie (D:8)
  An efreet (D:15)
  9 rime drakes
  A redback zombie (D:15)
  3 trolls
  13 polar bears
  9 hornets
  4 meliai (D:13)
  6 bog bodies
  6 raiju
  12 tyrant leeches
  12 dream sheep
  20 blink frogs
  3 slime creatures (D:14)
  A spectral black mamba (Gauntlet)
  3 vampires
  4 fire bats (Abyss:3)
  A wraith (D:13)
  34 yaks
  A shadow (Swamp:1)
  3 wyverns
  A spectral komodo dragon (Gauntlet)
  6 basilisks
  2 steam dragons (Lair:6)
  17 vampire mosquitoes
  5 chaos spawn (Abyss:3)
  17 wargs
  Edmund (D:6)
  An acid dragon (Lair:6)
  A naga (Lair:2)
  10 swamp worms
  22 soldier ants
  2 swamp drakes (Swamp:1)
  Duvessa (D:6)
  11 hell hounds (Lair:6)
  20 water moccasins
  2 ice beasts
  38 orc warriors
  2 phantoms
  11 ogres
  15 black bears
  An eye of draining (D:11)
  A sky beast (D:9)
  2 necrophages
  13 centaurs
  29 wolves
  6 big kobolds
  A wyvern zombie (D:14)
  21 bullfrogs
  5 scorpions
  Dowan (D:6)
  3 killer bees (D:10)
  13 wights
  6 howler monkeys
  4 hounds
  A quasit (D:8)
  2 bullfrog skeletons
  2 bullfrog zombies
  Crazy Yiuf (D:4)
  12 orc priests
  2 jellies
  28 orc wizards
  5 iguanas
  5 hell rats (Lair:5)
  41 worker ants
  A lightning spire (Gauntlet)
  A statue (D:9)
  2 hound zombies (D:6)
  2 hound skeletons (D:5)
  2 worker ant zombies
  3 gnolls (D:4)
  19 adders
  2 howler monkey skeletons (D:4)
  3 shadow imps
  A white imp (D:7)
  3 ufetubi
  An ooze (D:2)
  An adder skeleton (D:8)
  3 worms
  3 dart slugs
  3 leopard geckos
  104 orcs
  7 bats
  5 giant cockroaches
  8 goblins
  10 hobgoblins
  20 jackals
  45 kobolds
  6 quokkas
  5 ball pythons
  8 frilled lizards
  A giant cockroach zombie (D:6)
  A jackal skeleton (D:6)
  A leopard gecko skeleton (D:7)
  A leopard gecko zombie (D:9)
  7 rats
979 creatures vanquished.

Vanquished Creatures (others)
  A fire giant (D:15)
  An ogre mage (Abyss:3)
  A swamp drake (Abyss:3)
  2 briar patches (Swamp:2)
  15 fungi
  84 plants
  7 toadstools (Swamp:1)
111 creatures vanquished.

Grand Total: 1090 creatures vanquished

Notes
Turn   | Place    | Note
-------+----------+-------------------------------------------
     0 | D:1      | grandjackal the Demonspawn Gladiator began the quest for
                  | the Orb.
     0 | D:1      | Reached XP level 1. HP: 16/16 MP: 1/1
   203 | D:1      | Noticed an ogre
   203 | D:1      | Noticed an ogre
   207 | D:1      | Noticed an ogre
   209 | D:1      | Noticed an ogre
   414 | D:1      | Gained mutation: You are partially covered in iridescent
                  | scales. (AC +2) [demonic ancestry]
   414 | D:1      | Reached XP level 2. HP: 22/22 MP: 2/2
   754 | D:1      | Gained mutation: You are immune to rotting. [demonic
                  | ancestry]
   754 | D:1      | Reached XP level 3. HP: 28/28 MP: 3/3
  1849 | D:2      | Reached XP level 4. HP: 34/34 MP: 4/4
  1960 | D:2      | Reached skill level 3 in Fighting
  2338 | D:3      | Noticed an ogre
  2351 | D:3      | Killed an ogre
  2351 | D:3      | Reached XP level 5. HP: 40/42 MP: 5/5
  2844 | D:4      | Gained mutation: You are mostly covered in iridescent
                  | scales. (AC +4) [demonic ancestry]
  2844 | D:4      | Reached XP level 6. HP: 45/48 MP: 6/6
  2884 | D:4      | Reached skill level 4 in Fighting
  2928 | D:4      | Found a glowing drain.
  2983 | Sewer    | Entered a sewer
  3683 | D:4      | Found a runed translucent door.
  3684 | D:4      | Noticed Crazy Yiuf
  3838 | D:4      | Killed Crazy Yiuf
  3838 | D:4      | Gained mutation: You have a pair of small horns on your
                  | head. [demonic ancestry]
  3838 | D:4      | Reached XP level 7. HP: 30/55 MP: 3/7
  3916 | D:5      | Entered Level 5 of the Dungeon
  3975 | D:5      | Reached skill level 5 in Long Blades
  3996 | D:5      | Reached skill level 5 in Fighting
  3996 | D:5      | Reached skill level 5 in Dodging
  4117 | D:5      | Reached XP level 8. HP: 62/64 MP: 8/8
  4145 | D:5      | Found a staircase to the Ecumenical Temple.
  4571 | D:6      | Reached skill level 6 in Fighting
  4628 | D:6      | Noticed Duvessa
  4634 | D:6      | Noticed Dowan
  4644 | D:6      | Killed Duvessa
  4649 | D:6      | Killed Dowan
  4685 | D:6      | Noticed Edmund
  4693 | D:6      | Killed Edmund
  4868 | D:6      | Found a hazy altar of Hepliaklqana.
  4990 | D:6      | Reached skill level 7 in Fighting
  4993 | D:6      | Gained mutation: You regenerate a little health from kills.
                  | [demonic ancestry]
  4993 | D:6      | Reached XP level 9. HP: 61/72 MP: 9/9
  4994 | D:6      | Reached skill level 10 in Long Blades
  4994 | D:6      | Reached XP level 10. HP: 67/79 MP: 10/10
  5532 | Temple   | Entered the Ecumenical Temple
  5556 | Temple   | Became a worshipper of Warmaster Okawaru
  5723 | D:7      | Found Zin's Purification Station.
  5725 | D:7      | Found a glowing silver altar of Zin.
  5871 | D:7      | Found a blossoming altar of Fedhas.
  6046 | D:8      | Found a sacrificial altar of Ru.
  6089 | D:8      | Reached skill level 1 in Invocations
  6260 | D:8      | Reached * piety under Okawaru
  6397 | D:8      | Noticed Maggie
  6421 | D:8      | Killed Maggie
  6504 | D:8      | Found a sparkling altar of Nemelex Xobeh.
  6654 | D:8      | Noticed a cyan ugly thing
  6660 | D:8      | Killed a cyan ugly thing
  6714 | D:8      | Noticed Maurice
  6724 | D:8      | Noticed Maurice
  6724 | D:8      | Maurice changed into Maurice the scorpion
  6729 | D:8      | Killed Maurice the scorpion
  6935 | D:9      | Reached ** piety under Okawaru
  7007 | D:9      | Found a radiant altar of Vehumet.
  7096 | D:9      | Found a white marble altar of Elyvilon.
  7096 | D:9      | Found an ancient bone altar of Kikubaaqudgha.
  7148 | D:9      | Noticed Erica
  7157 | D:9      | Killed Erica
  7157 | D:9      | Reached skill level 8 in Fighting
  7270 | D:9      | Noticed Harold
  7300 | D:9      | Killed Harold
  7300 | D:9      | Reached *** piety under Okawaru
  7300 | D:9      | Reached XP level 11. HP: 76/86 MP: 12/14
  7537 | D:9      | Found a shadowy altar of Dithmenos.
  7606 | D:10     | Entered Level 10 of the Dungeon
  7606 | D:10     | Found Weecvoo's General Store.
  7726 | D:10     | Reached skill level 5 in Invocations
  7934 | D:10     | Noticed a two-headed ogre
  7942 | D:10     | Killed a two-headed ogre
  8438 | D:11     | Found Ybrumnog's Antique Weapon Shop.
  8454 | D:11     | Bought a runed demon blade for 360 gold pieces
  8552 | D:11     | Reached **** piety under Okawaru
  8659 | D:11     | Noticed a brown ugly thing
  8666 | D:11     | Killed a brown ugly thing
  8773 | D:11     | Found Domu's Distillery.
  8786 | D:11     | Reached skill level 9 in Fighting
  8821 | D:11     | Bought 2 potions of cancellation for 224 gold pieces
  8873 | D:11     | Reached ***** piety under Okawaru
  8925 | D:11     | Found Yduomnit's Distillery.
  8970 | D:11     | Found a staircase to the Lair.
  9529 | D:12     | Found a white marble altar of Elyvilon.
  9574 | D:12     | Gained mutation: You are completely covered in iridescent
                  | scales. (AC +6) [demonic ancestry]
  9574 | D:12     | Reached XP level 12. HP: 96/96 MP: 17/17
  9623 | D:12     | Found a staircase to the Orcish Mines.
 10136 | D:12     | Noticed a boulder beetle
 10160 | D:12     | Killed a boulder beetle
 10179 | D:12     | Noticed a deep elf high priest
 10188 | D:12     | Killed a deep elf high priest
 10188 | D:12     | Received a gift from Okawaru
 10222 | D:12     | Noticed a death knight
 10251 | D:12     | Killed a death knight
 10268 | D:12     | Reached skill level 10 in Fighting
 10596 | Orc:1    | Entered Level 1 of the Orcish Mines
 10920 | Orc:2    | Entered Level 2 of the Orcish Mines
 11169 | Orc:1    | Found a bloodstained altar of Trog.
 11528 | Orc:2    | Received a gift from Okawaru
 11541 | Orc:2    | Reached skill level 10 in Dodging
 11541 | Orc:2    | Reached skill level 10 in Invocations
 11544 | Orc:2    | Gained mutation: You have a pair of horns on your head.
                  | [demonic ancestry]
 11544 | Orc:2    | Reached XP level 13. HP: 73/104 MP: 20/20
 11547 | Orc:2    | Found a roughly hewn altar of Beogh.
 11629 | Orc:2    | Found Jioregip's Distillery.
 11629 | Orc:2    | Found Ughihiemn's Weapon Boutique.
 11762 | Orc:2    | Found Bulazxef's Weapon Boutique.
 11819 | Orc:2    | Found Ivydiefymu's Gadget Emporium.
 11888 | Orc:2    | Found a staircase to the Elven Halls.
 12224 | Lair:1   | Entered Level 1 of the Lair of Beasts
 12245 | Lair:1   | Reached skill level 11 in Fighting
 12317 | Lair:1   | Found a dark tunnel.
 12365 | Volcano  | Entered a volcano
 12389 | Volcano  | Found a burning altar of Makhleb.
 12422 | Volcano  | Noticed a red draconian
 12431 | Volcano  | Killed a red draconian
 13572 | Lair:2   | Reached skill level 1 in Shields
 13588 | Lair:2   | Reached ****** piety under Okawaru
 13708 | Lair:2   | Received a gift from Okawaru
 13882 | Lair:2   | Found a staircase to the Snake Pit.
 14867 | Lair:3   | Found a staircase to the Swamp.
 15222 | Lair:4   | Noticed Nergalle
 15236 | Lair:4   | Killed Nergalle
 15236 | Lair:4   | Reached skill level 12 in Fighting
 15289 | Lair:4   | Found a runed translucent gate.
 15289 | Lair:4   | Found a runed translucent gate.
 15289 | Lair:4   | Found a runed translucent gate.
 15290 | Lair:4   | Noticed azarizad's ghost (journeyman DDFi)
 15354 | Lair:4   | Gained mutation: You have a pair of large horns on your
                  | head. [demonic ancestry]
 15354 | Lair:4   | Reached XP level 14. HP: 109/115 MP: 21/21
 15389 | Lair:4   | Received a gift from Okawaru
 15740 | Lair:4   | Received a gift from Okawaru
 15759 | Lair:4   | Noticed an entropy weaver
 15759 | Lair:4   | Noticed an entropy weaver
 15803 | Lair:4   | Reached skill level 5 in Shields
 15827 | Lair:4   | Killed an entropy weaver
 15866 | Lair:4   | Killed an entropy weaver
 16144 | Lair:4   | Received a gift from Okawaru
 16518 | Lair:4   | Killed azarizad's ghost
 16518 | Lair:4   | Reached skill level 13 in Fighting
 16725 | Lair:5   | Found a gate leading to a gauntlet.
 16731 | Gauntlet | Entered a Gauntlet
 16731 | Gauntlet | Found a transporter.
 16731 | Gauntlet | Found a transporter.
 16731 | Gauntlet | Found a transporter.
 16731 | Gauntlet | Found a transporter.
 16731 | Gauntlet | Found the brooch of Shielding {Spirit SH+8}
 16749 | Gauntlet | Found a transporter.
 16751 | Gauntlet | Found a large runed translucent door.
 16751 | Gauntlet | Found a large runed translucent door.
 16752 | Gauntlet | Found a large runed translucent door.
 16752 | Gauntlet | Found a large runed translucent door.
 16811 | Gauntlet | Found a runed translucent door.
 16811 | Gauntlet | Found a runed translucent door.
 16811 | Gauntlet | Found a large runed translucent door.
 16811 | Gauntlet | Found a large runed translucent door.
 16811 | Gauntlet | Found a large runed translucent door.
 16811 | Gauntlet | Found a large runed translucent door.
 16811 | Gauntlet | Found a large runed translucent door.
 16811 | Gauntlet | Found a large runed translucent door.
 16812 | Gauntlet | Found a large runed translucent door.
 16812 | Gauntlet | Found a large runed translucent door.
 16813 | Gauntlet | Found a large runed translucent door.
 16813 | Gauntlet | Found a large runed translucent door.
 16813 | Gauntlet | Found a large runed translucent door.
 16813 | Gauntlet | Found a large runed translucent door.
 16814 | Gauntlet | Found a runed translucent gate.
 16814 | Gauntlet | Found a runed translucent gate.
 16814 | Gauntlet | Found a runed translucent gate.
 16815 | Gauntlet | Found a transporter.
 16820 | Gauntlet | Found a transporter.
 16837 | Gauntlet | Got a buzzing cloak
 16840 | Gauntlet | Identified the cursed -4 cloak of Cecesmiv {MR+ Int+3} (You
                  | found it in a Gauntlet)
 16953 | Gauntlet | Found a transporter.
 17003 | Gauntlet | Got a fine brass ring
 17005 | Gauntlet | Identified the cursed ring "Uzxajuwn" {rC- MP+9 Str+5 Int-4
                  | Dex-5} (You found it in a Gauntlet)
 17044 | Gauntlet | Found a transporter.
 17703 | Lair:5   | Found a runed translucent door.
 17707 | Lair:5   | Noticed Ruewk's ghost (journeyman CeAM)
 17953 | Lair:5   | Noticed Snorg
 17961 | Lair:5   | Killed Snorg
 18108 | Lair:5   | Killed Ruewk's ghost
 18108 | Lair:5   | Gained mutation: You regenerate health from kills. [demonic
                  | ancestry]
 18108 | Lair:5   | Reached XP level 15. HP: 125/125 MP: 22/22
 18225 | Lair:6   | Entered Level 6 of the Lair of Beasts
 18329 | Lair:6   | Received a gift from Okawaru
 18341 | Lair:6   | Reached skill level 14 in Fighting
 18481 | Lair:6   | Found a staircase to the Slime Pits.
 19746 | D:10     | Bought a scroll of acquirement for 832 gold pieces
 19747 | D:10     | Acquired the +2 pair of boots "Efanoyng" {+Blink rN+ Int+2}
 19749 | D:10     | Acquired a +2 kite shield of reflection
 20145 | D:13     | Reached skill level 15 in Fighting
 20286 | D:13     | Reached skill level 10 in Shields
 20952 | D:14     | Received a gift from Okawaru
 21393 | D:14     | Gained mutation: You may emit foul miasma when damaged in
                  | melee. [demonic ancestry]
 21393 | D:14     | Reached XP level 16. HP: 129/136 MP: 21/23
 21416 | D:14     | Received a gift from Okawaru
 21455 | D:14     | Found a gate to the Vaults.
 21530 | D:15     | Entered Level 15 of the Dungeon
 21591 | D:15     | Found a staircase to the Depths.
 22279 | D:11     | Bought a potion of heal wounds for 70 gold pieces
 22279 | D:11     | Bought a potion of cancellation for 112 gold pieces
 22394 | Orc:2    | Bought a potion of heal wounds for 90 gold pieces
 22394 | Orc:2    | Bought a potion of mutation for 144 gold pieces
 22602 | Swamp:1  | Entered Level 1 of the Swamp
 22622 | Swamp:1  | Reached skill level 16 in Fighting
 22703 | Swamp:1  | Noticed a thorn hunter
 22712 | Swamp:1  | Killed a thorn hunter
 22964 | Swamp:1  | Found a bloodstained altar of Trog.
 23518 | Swamp:2  | Received a gift from Okawaru
 23594 | Swamp:2  | Noticed a thorn hunter
 23617 | Swamp:2  | Killed a thorn hunter
 24189 | Swamp:3  | Noticed Louise
 24197 | Swamp:3  | Cast into level 3 of the Abyss (Louise)
 24280 | Abyss:3  | Noticed a lich
 24281 | Abyss:3  | Noticed a lich
 24296 | Abyss:3  | Noticed a lich
 24299 | Abyss:3  | Noticed an Executioner
 24302 | Abyss:3  | Noticed a lich
 24304 | Abyss:3  | Killed a lich
 24304 | Abyss:3  | Received a gift from Okawaru
 24312 | Abyss:3  | Noticed an Ice Fiend
 24313 | Abyss:3  | Noticed a lich
 24319 | Abyss:3  | Killed a lich
 24323 | Abyss:3  | Noticed a lich
 24332 | Abyss:3  | Killed a lich
 24332 | Abyss:3  | Reached skill level 17 in Fighting
 24337 | Abyss:3  | Noticed a Tzitzimitl
 24339 | Abyss:3  | Noticed an Executioner
 24348 | Abyss:3  | Killed a lich
 24353 | Abyss:3  | Noticed an Ice Fiend
 24360 | Abyss:3  | Killed from afar by an Ice Fiend

Illustrated notes

Levels and vault maps discovered:
D:1:      erik_arrival_cave_to_civilisation [erik_arrival_cave_to_temple],
          layout_basic, kennysheep_pointless_box, serial_bayou_ford_a
D:2:      layout_loops_ring
D:3:      layout_basic
D:4:      layout_basic, gup_sewer_entry_glass, uniq_crazy_yiuf_cottage
D:5:      layout_rooms, temple_statues
D:6:      layout_loops_ring, kennysheep_little_box, grunt_decor_resistance,
          uniq_edmund, uniq_duvessa
D:7:      layout_cave_pools, old_standard_altar, zin_purify, serial_bayou_pond_a
D:8:      layout_gridville, basic_altar, chequers_jeans,
          nicolae_ru_great_annihilating_truth, uniq_maurice, uniq_maggie
D:9:      wad_pebble_path, layout_small_grid, vehumet_statue,
          gammafunk_temple_overflow_wave,
          nicolae_dithmenos_through_a_glass_darkly, uniq_harold, uniq_erica
D:10:     layout_irregular_city, serial_shops, shop_fountains
D:11:     layout_loops_corners, minmay_lair_entry_grove, serial_shops, shop,
          shop, nicolae_shop_behind_doors
D:12:     thingy_vault, layout_layer_cave, david_orc_3, serial_glass,
          glass_columns_a, glass_columns_b, basic_altar
D:13:     four-leaf_vault, layout_basic
D:14:     layout_rooms, david_vaults_5, serial_curves, eino_curves_01,
          eino_curves_03, hangedman_abyss_or_decor_passed, fungi_pond_lemuel
D:15:     grunt_enter_depths_giant_problem, layout_rooms,
          minmay_misc_feat_roman, minmay_misc_feat_secret_circle,
          hangedman_abyss_or_decor_clamps
Temple:   lightli_temple_of_artemis
Lair:1:   layout_regular_city, enter_volcano_2
Lair:2:   layout_regular_city, guppyfry_snake_entry_island,
          small_statue_intersection
Lair:3:   layout_regular_city, minmay_swamp_entry_worms, serial_bayou_shore_b
Lair:4:   layout_regular_city, gammafunk_ghost_hydra_chop, zaba_anthell,
          minmay_lair_oklob_chamber, uniq_nergalle
Lair:5:   layout_long_grid, ebering_ghost_inner_flame, gauntlet_entry_generic,
          uniq_snorg
Lair:6:   guppyfry_lair_end_dragon, layout_cave_pods,
          hangedman_lair_caniforms_friends, slime_dummy,
          infiniplex_staircase_pool
Swamp:1:  cheibrodos_swamp_tower_of_moss, layout_falls_marsh,
          lemuel_altar_in_water, swamp_pool1
Swamp:2:  layout_falls_marsh, serial_swamp_ruin, evilmike_swamp_ruin_house_4,
          evilmike_swamp_ruin_rubble_1, swamp_pool2
Swamp:3:  layout_falls_marsh, hangedman_swamp_ruin_hall, uniq_louise
Orc:1:    layout_caves, trog_butcher_becter
Orc:2:    st_orc_town, layout_diamond_mine
Abyss:3:  base: Temple, due_evilmike_abyss_rune_seething_liches,
          evilmike_abyss_exit_11

Skill      XL: |  1  2  3  4  5  6  7  8  9 10 11 12 13 14 15 16 |
---------------+-------------------------------------------------+-----
Long Blades    | 3 4 5 6 10 11 12 13 14 | 14.0
Dodging        | 3 4 5 6 7 8 10 | 10.1
Fighting       | 3 4 5 7 8 9 10 12 13 15 17 | 17.1
Armour         | 7 8 |  8.6
Invocations    | 4 7 10 | 10.2
Shields        | 3 7 10 12 | 12.7
Throwing       | |  1.7

Action                   |  1- 3 |  4- 6 |  7- 9 | 10-12 | 13-15 | 16-18 || total
-------------------------+-------+-------+-------+-------+-------+-------++-------
Melee: Long sword        |   132 |   270 |   149 |   314 |       |       ||   865
       Headbutt          |       |       |    51 |   241 |   385 |   141 ||   818
       Demon blade       |       |       |       |   469 |  1390 |   505 ||  2364
       Scimitar          |       |       |       |    96 |    20 |       ||   116
       Punch             |       |       |       |     3 |     2 |       ||     5
       Double sword      |       |       |       |       |    34 |    34 ||    68
Throw: Throwing net      |       |     3 |       |       |       |       ||     3
Invok: Heroism           |       |       |       |     8 |     9 |     3 ||    20
       Finesse           |       |       |       |     1 |     3 |     1 ||     5
Evoke: Wand              |       |       |       |     2 |       |       ||     2
  Use: Scroll            |       |       |    10 |    22 |    16 |     4 ||    52
       Potion            |       |       |     2 |     1 |       |     5 ||     8
 Stab: Invisible         |       |       |       |     1 |       |       ||     1
       Paralysed         |       |       |       |     1 |       |       ||     1
Armor: Leather armour    |    13 |       |       |       |       |       ||    13
       Ring mail         |    39 |   116 |    59 |    94 |       |       ||   308
       Swamp dragon scal |       |       |       |   197 |   427 |   149 ||   773
Dodge: Dodged            |   110 |   192 |   112 |   679 |   791 |   176 ||  2060
Block: Buckler           |       |       |       |       |   369 |       ||   369
       Kite shield       |       |       |       |       |   244 |   456 ||   700
       Reflection        |       |       |       |       |     5 |    22 ||    27
       Rpst.: Long sword |    35 |    57 |    45 |    81 |       |       ||   218
       Demon blade       |       |       |       |    81 |   164 |    31 ||   276
       Scimitar          |       |       |       |    16 |     4 |       ||    20
       Double sword      |       |       |       |       |     5 |     2 ||     7

Table legend: (Time is in decaauts)
 A = Elapsed time spent in this place.
 B = Non-inter-level travel time spent in this place.
 C = Inter-level travel time spent in this place.
 D = Time resting spent in this place.
 E = Time spent auto-exploring this place.
 F = Levels seen in this place.
 G = Mean time per level.
                   A        B        C        D        E       F      G
               +--------+--------+--------+--------+--------+-----+--------+
         Total |  23782 |  21841 |   1941 |   1730 |  13700 |  31 |  767.2 |
       Dungeon |  12978 |  11781 |   1197 |    864 |   7880 |  15 |  865.2 |
        Temple |     38 |     24 |     14 |      0 |      0 |   1 |   38.0 |
          Lair |   6201 |   5680 |    521 |    501 |   3774 |   6 | 1033.5 |
         Swamp |   1646 |   1609 |     37 |      6 |   1202 |   3 |  548.7 |
  Orcish Mines |   1582 |   1413 |    169 |     48 |    843 |   2 |  791.0 |
         Abyss |     88 |     88 |      0 |      0 |      0 |   1 |   88.0 |
         Sewer |    630 |    630 |      0 |     46 |      0 |   1 |  630.0 |
       Volcano |    161 |    161 |      0 |      4 |      0 |   1 |  161.0 |
      Gauntlet |    453 |    453 |      0 |    260 |      0 |   1 |  453.0 |
               +--------+--------+--------+--------+--------+-----+--------+

Top non-repeatable levels by time:
     D:1: 1408 daAuts
    D:11: 1270 daAuts
  Lair:6: 1219 daAuts
    D:12: 1200 daAuts
  Lair:4: 1150 daAuts
  Lair:5: 1137 daAuts
     D:6: 1056 daAuts
   Orc:2: 1033 daAuts
    D:13: 970 daAuts
  Lair:1: 931 daAuts
     D:8: 919 daAuts
  Lair:3: 911 daAuts
  Lair:2: 851 daAuts
    D:10: 848 daAuts
     D:2: 779 daAuts
